 Dungeon Crawl Stone Soup version 0.28-a0-883-gc8d7bad45d (webtiles) character file.

Game seed: 5009511694324048297

197238 ytrimaz the Severer (level 18, -52/149 HPs)
             Began as a Demonspawn Fighter on Nov 21, 2021.
             Was the Champion of Okawaru.
             Killed from afar by a deep elf annihilator (90 damage)
             ... with a crystal spear
             ... in the Arena.
             The game lasted 00:49:03 (31217 turns).

ytrimaz the Severer (Demonspawn Fighter)           Turns: 31217, Time: 00:49:03

Health: -52/149    AC: 57    Str: 21    XL:     18   Next: 18%
Magic:  26/37      EV:  7    Int: 13    God:    Okawaru [******]
Gold:   206        SH: 14    Dex: 19    Spells: 17/17 levels left

rFire   + . .      SeeInvis +   h - +5 broad axe "Sebenoak" {vamp, MP+9}
rCold   + + +      Faith    .   O - +2 buckler {rC+}
rNeg    . . .      Spirit   .   j - +9 scales of the Dragon King {rPois rF+ rC+ Will+}
rPois   +          Reflect  .   (helmet unavailable)
rElec   +          Harm     .   B - +2 cloak
rCorr   .          Rampage  .   F - +1 pair of gloves {Str+3}
Will    +++++                   M - +2 pair of boots {Fly}
Stlth   ..........              n - amulet of the acrobat
HPRegen 0.34/turn               V - ring of Pefe {rC+ Will++ AC+4 Str+3 Int+3}
MPRegen 0.25/turn               p - ring of the Good {rElec Will+ Str-5 Dex+4 SInv}

@: mighty, heroic, finesse-ful, flying, duelling
A: horns 3, slimy green scales 3, icemail 2, spiny 2, condensation shield,
hooves 1, see invisible, weak 1, subdued magic 1
a: Renounce Religion, Heroism, Finesse, Duel


You were in the Arena.
You worshipped Okawaru.
Okawaru was exalted by your worship.
You visited 6 branches of the dungeon, and saw 28 of its levels.
You visited the Abyss 2 times.

You collected 3450 gold pieces.
You spent 3244 gold pieces at shops.

Inventory:

Hand Weapons
 a - a +0 war axe of flaming
 h - the +5 broad axe "Sebenoak" (weapon) {vamp, MP+9}
   (You acquired it on level 11 of the Dungeon)

   It occasionally heals its wielder for a portion of the damage dealt when it
   wounds a living foe.
   MP:        It affects your magic capacity (+9).
 i - the +7 captain's cutlass {speed, disarm}
   (You found it on level 6 of the Lair of Beasts)

   Attacks with this weapon are significantly faster.
   It may disarm weapon-wielding foes when striking them, dealing extra damage
   in the process.
 C - a +4 war axe of electrocution
 J - the +5 broad axe of Ethial {vorpal, rPois Str-3 Int+2}
   (Okawaru gifted it to you on level 12 of the Dungeon)

   It inflicts extra damage upon your enemies.
   Str:       It affects your strength (-3).
   Int:       It affects your intelligence (+2).
   rPois:     It protects you from poison.
Armour
 j - the +9 scales of the Dragon King (worn) {rPois rF+ rC+ Will+}
   (You bought it in a shop on level 2 of the Orcish Mines)

   rF:        It protects you from fire.
   rC:        It protects you from cold.
   rPois:     It protects you from poison.
   Will:      It increases your willpower.
 B - a +2 cloak (worn)
 F - a +1 pair of gloves of strength (worn)
 M - a +2 pair of boots of flying (worn)
 O - a +2 buckler of cold resistance (worn)
Jewellery
 n - an amulet of the acrobat (around neck)
 p - the ring of the Good (right hand) {rElec Will+ Str-5 Dex+4 SInv}
   (You found it on level 4 of the Dungeon)

   [ring of willpower]

   Str:       It affects your strength (-5).
   Dex:       It affects your dexterity (+4).
   rElec:     It insulates you from electricity.
   SInv:      It lets you see invisible.
   Will:      It increases your willpower.
 t - a +6 ring of intelligence
 V - the ring of Pefe (left hand) {rC+ Will++ AC+4 Str+3 Int+3}
   (You found it on level 6 of the Lair of Beasts)

   [ring of protection]

   AC:        It affects your AC (+4).
   Str:       It affects your strength (+3).
   Int:       It affects your intelligence (+3).
   rC:        It protects you from cold.
   Will:      It greatly increases your willpower.
Wands
 E - a wand of paralysis (8)
 R - a wand of flame (23)
 T - a wand of digging (7)
Scrolls
 s - 2 scrolls of fear
 u - 2 scrolls of brand weapon
 v - 4 scrolls of magic mapping
 w - a scroll of silence
 x - a scroll of vulnerability
 y - 3 scrolls of teleportation
 D - a scroll of blinking
 I - 4 scrolls of fog
 K - a scroll of enchant weapon
 L - 5 scrolls of identify
Potions
 d - 2 potions of might
 e - 4 potions of haste
 f - 3 potions of magic
 g - 4 potions of resistance
 k - 3 potions of berserk rage
 l - 7 potions of curing
 m - 2 potions of ambrosia
 o - 5 potions of attraction
 q - 6 potions of lignification
 r - a potion of cancellation
 A - 5 potions of brilliance
 H - a potion of invisibility
 U - 3 potions of mutation


   Skills:
 + Level 15.4(20.4) Fighting
 * Level 4.2(9.2) Short Blades
 - Level 0.5(7.6) Long Blades
 - Level 18.2(23.2) Axes
 - Level 0.5(5.5) Staves
 - Level 0.5(8.7) Slings
 - Level 0.5(5.5) Bows
 - Level 0.5(5.5) Crossbows
 * Level 6.0(11.0) Throwing
 + Level 13.1(18.1) Armour
 + Level 7.6(12.6) Shields
 - Level 0.6 Conjurations
 - Level 0.6 Hexes
 - Level 0.6 Summonings
 - Level 1.1 Necromancy
 - Level 0.5 Translocations
 - Level 0.8 Transmutations
 - Level 0.8 Fire Magic
 - Level 0.5 Ice Magic
 - Level 0.5 Air Magic
 - Level 0.5 Earth Magic
 - Level 1.0 Poison Magic
 - Level 14.0 Invocations


You had 17 spell levels left.
You didn't know any spells.
Your spell library contained the following spells:

 Spells                   Type           Power      Damage    Failure   Level
 Sting                    Tmut/Pois      4%         1d3       99%         1
 Foxfire                  Conj/Fire      4%         2x1d4     100%        1
 Magic Dart               Conj           4%         1d3       100%        1
 Shock                    Conj/Air       4%         1d3       100%        1
 Ensorcelled Hibernation  Hex/Ice        2%         N/A       100%        2
 Passwall                 Tmut/Erth      0%         N/A       100%        2
 Poisonous Vapours        Pois/Air       2%         N/A       100%        2
 Searing Ray              Conj           2%         2d4       100%        2
 Conjure Flame            Conj/Fire      1%         6-21      100%        3
 Ignite Poison            Fire/Tmut/Pois 1%         N/A       100%        3
 Inner Flame              Hex/Fire       1%         N/A       100%        3
 Mephitic Cloud           Conj/Pois/Air  1%         N/A       100%        3
 Spider Form              Tmut/Pois      1%         N/A       100%        3
 Stone Arrow              Conj/Erth      2%         3d7       100%        3
 Swiftness                Air            1%         N/A       100%        3
 Airstrike                Air            0%         N/A       100%        4
 Cause Fear               Hex            0%         N/A       100%        4
 Flame Wave               Conj/Fire      1%         3d3       100%        4
 Fulminant Prism          Conj/Hex       0%         3d6       100%        4
 Olgreb's Toxic Radiance  Pois           2%         N/A       100%        4
 Sticky Flame             Conj/Fire      1%         2d3       100%        4
 Fireball                 Conj/Fire      0%         3d3       100%        5
 Freezing Cloud           Conj/Ice/Air   0%         6-21      100%        5
 Iskenderun's Battlesphe  Conj           1%         2d6       100%        5
 Conjure Ball Lightning   Conj/Air       0%         3x3d6     100%        6
 Orb of Destruction       Conj           0%         N/A       100%        7
 Discord                  Hex            0%         N/A       100%        8
 Chain Lightning          Conj/Air       0%         2d1       100%        9
 Polar Vortex             Ice            0%         N/A       100%        9
 Simulacrum               Ice/Necr       Unusable   N/A       N/A         6

Dungeon Overview and Level Annotations

Branches:
Dungeon (15/15)            Temple (1/1) D:7            Lair (6/6) D:8
  Swamp (0/4) Lair:3        Snake (1/4) Lair:4        Slime (0/5) Lair:6
    Orc (2/2) D:11            Elf (3/3) Orc:2        Vaults (0/5) D:14
 Depths (0/4) D:15

Altars:
Ashenzari
Cheibriados
Dithmenos
Elyvilon
Fedhas
Gozag
Hepliaklqana
Kikubaaqudgha
Makhleb
Nemelex Xobeh
Okawaru
Qazlal
Ru
Sif Muna
Trog
Uskayaw
Vehumet
Wu Jian
Xom
Yredelemnul
Zin
The Shining One
Jiyva

Shops:
Orc:2 **(:[   Elf:3 *

Annotations:
D:4 3 runed translucent doors, Randoe's ghost, amateur DsAK
Lair:5 3 runed translucent doors, ytrimaz's ghost, adept DsFi


Innate Abilities, Weirdness & Mutations

You have a pair of large horns on your head.
You are completely covered in slimy green scales. (AC +4, rPois)
A meltable icy envelope protects you from harm. (AC +8)
You are mostly covered in sharp spines.
A meltable shield of frost defends you. (SH +4)
You have large cloven feet.
You have supernaturally acute eyesight. (SInv)
You are weak. (Str -2)
Your spells are a little easier to cast, but a little less powerful.


Message History

The deep elf high priest convulses!
The deep elf demonologist convulses!
The deep elf knight convulses!
The deep elf demonologist convulses!
The deep elf sorcerer convulses!
The deep elf high priest convulses!
The deep elf sorcerer convulses!
The deep elf elementalist convulses! x2
Your body is wracked with pain!
The smoke demon gestures at you. Something smites you!
* * * LOW HITPOINT WARNING * * *
Unknown command.
Unknown command.
Unknown command.
You closely miss the deep elf elementalist.
The deep elf elementalist is severely wounded.
You hit the earth elemental but do no damage.
The deep elf elementalist is struck by your spines.
You kill the deep elf elementalist!
Okawaru accepts your kill.
The deep elf demonologist mumbles some strange words.
The deep elf death mage beckons forth a restless soul!
Unknown command.
Okay, then.
Okay, then.
Unknown command.
Unknown command.
Press: ? - help, v - describe, . - travel
Here: a Tzitzimitl (summoned)
The floor.
Unknown command.
Unknown command.
Press: ? - help, Dir - move target, f - deep elf annihilator
Aim: a deep elf annihilator, wielding a +1 long sword of holy wrath and wearing a +0 ring mail (spells empowered)
You enter into single combat with the deep elf annihilator!
The world spins around you as you enter the gateway.
You enter Okawaru's Arena!
The spectator shouts! x6
The deep elf annihilator casts a spell at you.
The crystal spear hits you!!!!
Ouch! That really hurt!
You die...
Okawaru crowns the deep elf annihilator victorious!

#########
#.▓...▓p#
#.▓.8.▓.#
#p▓...▓▓#
#p▓...▓.#
#.▓...▓p#
#.▓.e.▓▓#
#▓▓.@.▓∩#
#.▓...▓▓#
#.▓...▓p#
#p▓...▓.#
#p▓...▓▓#
#.▓.8.▓.#
#.▓...▓p#
#########


You could see a deep elf annihilator (empowered).

Vanquished Creatures
  A profane servitor (Abyss:3)
  2 deep elf blademasters (Elf:3)
  A deep elf master archer (Elf:3)
  Gastronok (D:9)
  The ghost of Kosooly the Thaumaturge, a journeyman DDNe of Makhleb (Elf:2)
  4 deep elf sorcerers (Elf:3)
  2 orc warlords (Orc:2)
  6 deep elf elementalists
  A deep elf demonologist (Elf:3)
  6 deep elf annihilators
  The ghost of Kuderic the Severer, a journeyman MiBe of Trog (Elf:1)
  Snorg (D:11)
  2 deep elf death magi (Elf:3)
  Fannar (Lair:2)
  A deep elf high priest (Elf:3)
  8 vault guards (D:14)
  3 centaur warriors
  A merfolk avatar (Lair:6)
  2 boulder beetles
  13 hydras
  Erica (D:11)
  2 catoblepae
  2 tengu warriors (D:15)
  29 dancing weapons
  7 death yaks
  2 two-headed ogres (D:13)
  A soul eater (Abyss:2)
  14 deep elf knights
  3 orc high priests (Orc:2)
  Urug (Lair:2)
  A sixfirhy (Abyss:3)
  A skeletal warrior (D:15)
  2 wizards
  A bog body (Lair:3)
  Pikel (D:7)
  5 orc knights
  A lindwurm (Lair:5)
  14 deep elf archers
  A phantasmal warrior (D:15)
  6 orc sorcerers
  29 deep elf pyromancers
  A necromancer (D:15)
  3 ugly things (D:13)
  A frost giant zombie (D:15)
  17 deep elf zephyrmancers
  4 cyclopes
  2 oklob plants (Lair:3)
  A tengu skeleton (D:15)
  A stone giant zombie (D:15)
  3 worldbinders
  5 black mambas
  5 manticores
  7 elephants (Lair:6)
  A guardian serpent (shapeshifter) (Elf:2)
  A gargoyle (D:13)
  Maggie (D:6)
  16 cane toads
  An efreet (D:15)
  Psyche (D:11)
  11 komodo dragons
  2 rime drakes (Lair:6)
  2 tengu conjurers (D:13)
  A kobold demonologist (D:10)
  2 ancient zymes
  A freezing wraith (D:14)
  10 trolls
  A guardian mummy (D:15)
  A hornet (shapeshifter) (Elf:3)
  6 polar bears
  17 slime creatures
  A hornet (Lair:6)
  4 raiju (Abyss:3)
  2 wind drakes (Lair:6)
  11 blink frogs
  4 snapping turtles (Lair:6)
  A water elemental (Elf:1)
  A shadow (D:11)
  A spriggan (Lair:5)
  3 wraiths
  6 flying skulls (Abyss:2)
  An ettin skeleton (D:15)
  8 air elementals
  6 wyverns
  A ynoxinul (Abyss:2)
  43 yaks
  A fire bat (Abyss:2)
  3 vampires
  5 basilisks
  2 fire elementals (Elf:3)
  A neqoxec (Abyss:2)
  3 steam dragons
  5 wargs
  2 nagas (Lair:4)
  Edmund (D:5)
  2 hell hounds (Abyss:2)
  12 water moccasins
  20 orc warriors
  A swamp drake (D:11)
  6 ice beasts (D:13)
  2 large abominations
  4 black bears
  19 wolves
  5 ogres
  2 necrophages
  13 centaurs
  2 phantoms
  2 kobold brigands
  The ghost of ders the Digger, an amateur GrEE (D:3)
  2 wyvern zombies
  14 bullfrogs
  3 scorpions
  An earth elemental (Elf:1)
  A gnoll sergeant (D:11)
  A water moccasin zombie (D:5)
  4 killer bees (D:9)
  5 wights (D:10)
  A howler monkey (D:9)
  A centaur skeleton (D:7)
  3 jellies
  A gnoll shaman (D:9)
  5 hounds
  4 small abominations
  9 orc priests
  3 iguanas (D:5)
  12 orc wizards
  A hound skeleton (D:5)
  8 gnolls
  An adder (D:6)
  A white imp (D:5)
  An adder zombie (D:5)
  57 orcs
  10 endoplasms
  5 goblins
  10 hobgoblins
  8 jackals (D:1)
  A quokka (D:4)
  9 ball pythons
  4 bats
  4 frilled lizards
  16 kobolds
  8 rats
728 creatures vanquished.

Vanquished Creatures (others)
  A deep elf zephyrmancer (Elf:3)
  An orc warrior (D:11)
  A jelly (Lair:6)
  An orc wizard (Orc:1)
  An orc (Orc:1)
  8 demonic plants (Abyss:3)
  57 fungi
  52 plants
  A withered plant (D:15)
123 creatures vanquished.

Grand Total: 851 creatures vanquished

Notes
Turn   | Place    | Note
-------+----------+-------------------------------------------
     0 | D:1      | ytrimaz the Demonspawn Fighter began the quest for the Orb.
     0 | D:1      | Reached XP level 1. HP: 18/18 MP: 1/1
   210 | D:1      | Gained mutation: You have a pair of small horns on your
                  | head. [demonic ancestry]
   210 | D:1      | Reached XP level 2. HP: 24/24 MP: 2/2
   378 | D:1      | Reached skill level 2 in Axes
   437 | D:1      | Found a faded altar of an unknown god.
  1182 | D:2      | Reached XP level 3. HP: 29/29 MP: 3/3
  1802 | D:3      | Found a transporter.
  1812 | D:3      | Noticed ders's ghost (amateur GrEE)
  1821 | D:3      | Found a transporter.
  1846 | D:3      | You fall into a shaft and drop 1 floor!
  1891 | D:4      | Reached skill level 3 in Axes
  1891 | D:4      | Reached XP level 4. HP: 20/35 MP: 4/4
  1898 | D:4      | Noticed an ogre
  2515 | D:3      | Noticed a scorpion
  2522 | D:3      | Killed a scorpion
  2523 | D:3      | Gained mutation: A meltable shield of frost defends you.
                  | (SH +4) [demonic ancestry]
  2523 | D:3      | Reached XP level 5. HP: 24/41 MP: 5/5
  2708 | D:3      | Upgraded the game from 0.28-a0-872-g80cf8599ee to
                  | 0.28-a0-883-gc8d7bad45d
  2886 | D:3      | Found a burning altar of Makhleb.
  3024 | D:3      | Killed ders's ghost
  3253 | D:4      | Noticed an orc warrior
  3254 | D:4      | Noticed a black bear
  3607 | D:4      | Found a runed translucent gate.
  3608 | D:4      | Found a runed translucent gate.
  3628 | D:4      | Killed a black bear
  3629 | D:4      | Reached skill level 4 in Axes
  3629 | D:4      | Gained mutation: A meltable icy envelope protects you from
                  | harm. (AC +8) [demonic ancestry]
  3629 | D:4      | Reached XP level 6. HP: 26/48 MP: 6/6
  3815 | D:4      | Identified the ring of the Good {rElec Will+ Str-5 Dex+4
                  | SInv}
  3988 | D:4      | Killed an orc warrior
  4234 | D:4      | Identified the ring of the Devil's Team {rCorr MP+9}
  4314 | D:4      | Gained mutation: You are partially covered in slimy green
                  | scales. (AC +2) [demonic ancestry]
  4314 | D:4      | Reached XP level 7. HP: 29/54 MP: 7/7
  4567 | D:4      | You fall into a shaft and drop 3 floors!
  4622 | D:7      | Reached skill level 5 in Axes
  4706 | D:6      | Reached skill level 5 in Armour
  4793 | D:6      | Noticed Edmund
  4808 | D:5      | Entered Level 5 of the Dungeon
  5175 | D:4      | Found a runed translucent gate.
  5178 | D:4      | Noticed Randoe's ghost (amateur DsAK)
  5425 | D:5      | Killed Edmund
  5429 | D:5      | Gained mutation: A meltable icy envelope protects you from
                  | harm. (AC +8) [demonic ancestry]
  5429 | D:5      | Reached XP level 8. HP: 34/61 MP: 8/8
  5605 | D:5      | Reached skill level 6 in Axes
  6106 | D:6      | Noticed Maggie
  6123 | D:6      | Killed Maggie
  6124 | D:6      | Reached skill level 5 in Fighting
  6124 | D:6      | Reached skill level 7 in Axes
  6326 | D:6      | Gained mutation: You have hidden genetic defects. [potion
                  | of mutation]
  6326 | D:6      | Gained mutation: You passively map a small area around you.
                  | [potion of mutation]
  6936 | D:7      | Noticed Pikel
  6947 | D:7      | Killed Pikel
  6948 | D:7      | Reached skill level 8 in Axes
  6948 | D:7      | Gained mutation: You are mostly covered in slimy green
                  | scales. (AC +3) [demonic ancestry]
  6948 | D:7      | Reached XP level 9. HP: 51/68 MP: 9/9
  6957 | D:7      | Gained mutation: You sometimes lose the ability to read
                  | scrolls when taking damage. [hidden defects]
  7109 | D:7      | Found a staircase to the Ecumenical Temple.
  7399 | Temple   | Entered the Ecumenical Temple
  7803 | Temple   | Became a worshipper of Warmaster Okawaru
  8081 | D:7      | Reached skill level 1 in Invocations
  8271 | D:8      | Reached skill level 9 in Axes
  8277 | D:8      | Gained mutation: You occasionally shout uncontrollably at
                  | your foes. [hidden defects]
  8277 | D:8      | Lost mutation: You have hidden genetic defects. [hidden
                  | defects expressed]
  8442 | D:8      | Reached * piety under Okawaru
  8630 | D:8      | Gained mutation: You have a pair of horns on your head.
                  | [demonic ancestry]
  8630 | D:8      | Reached XP level 10. HP: 71/76 MP: 12/12
  8776 | D:8      | Reached skill level 10 in Axes
  8776 | D:8      | Found a staircase to the Lair.
  8809 | D:8      | Reached ** piety under Okawaru
  9874 | D:9      | Noticed Gastronok
  9892 | D:9      | Killed Gastronok
  9892 | D:9      | Reached *** piety under Okawaru
  9893 | D:9      | Reached skill level 5 in Invocations
 10504 | D:10     | Entered Level 10 of the Dungeon
 10552 | D:10     | Reached skill level 11 in Axes
 10693 | D:10     | Reached **** piety under Okawaru
 10833 | D:10     | Reached XP level 11. HP: 81/84 MP: 15/15
 11815 | D:11     | Noticed Erica
 11834 | D:11     | Killed Erica
 11834 | D:11     | Reached ***** piety under Okawaru
 12077 | D:11     | Noticed Psyche
 12083 | D:11     | Killed Psyche
 12203 | D:11     | Noticed Snorg
 12253 | D:11     | Killed Snorg
 12254 | D:11     | Reached skill level 12 in Axes
 12434 | D:11     | Identified a scroll of acquirement
 12434 | D:11     | Acquired the +5 broad axe "Sebenoak" {vamp, MP+9}
 12873 | D:11     | Found a staircase to the Orcish Mines.
 13023 | D:12     | Identified the +5 broad axe of Ethial {vorpal, rPois Str-3
                  | Int+2} (Okawaru gifted it to you on level 12 of the
                  | Dungeon)
 13023 | D:12     | Received a gift from Okawaru
 13025 | D:12     | Reached ****** piety under Okawaru
 13155 | D:12     | Noticed a deep elf pyromancer
 13164 | D:12     | Killed a deep elf pyromancer
 13979 | D:13     | Noticed a two-headed ogre
 13984 | D:13     | Killed a two-headed ogre
 14025 | D:13     | Lost mutation: You occasionally shout uncontrollably at
                  | your foes. [potion of mutation]
 14025 | D:13     | Lost mutation: You passively map a small area around you.
                  | [potion of mutation]
 14025 | D:13     | Lost mutation: You sometimes lose the ability to read
                  | scrolls when taking damage. [potion of mutation]
 14025 | D:13     | Gained mutation: You have supernaturally acute eyesight.
                  | (SInv) [potion of mutation]
 14025 | D:13     | Gained mutation: You have large cloven feet. [potion of
                  | mutation]
 14026 | D:13     | Found an ornate altar of the Wu Jian Council.
 14116 | D:13     | Reached XP level 12. HP: 94/94 MP: 18/18
 14212 | D:13     | Noticed a catoblepas
 14227 | D:13     | Killed a catoblepas
 14306 | D:13     | Reached skill level 13 in Axes
 14647 | D:13     | Noticed a two-headed ogre
 14657 | D:13     | Killed a two-headed ogre
 14681 | D:13     | Received a gift from Okawaru
 15023 | D:13     | Noticed a centaur warrior
 15038 | D:13     | Killed a centaur warrior
 15039 | D:13     | Reached skill level 10 in Invocations
 15264 | D:14     | Noticed a boulder beetle
 15282 | D:14     | Killed a boulder beetle
 15498 | D:14     | Found a gate to the Vaults.
 15498 | D:14     | Noticed a vault guard
 15498 | D:14     | Noticed a vault guard
 15498 | D:14     | Noticed a vault guard
 15498 | D:14     | Noticed a vault guard
 15498 | D:14     | Noticed a vault guard
 15498 | D:14     | Noticed a vault guard
 15498 | D:14     | Noticed a vault guard
 15501 | D:14     | Noticed a vault guard
 15506 | D:14     | Killed a vault guard
 15507 | D:14     | Reached skill level 14 in Axes
 15513 | D:14     | Killed a vault guard
 15522 | D:14     | Killed a vault guard
 15527 | D:14     | Killed a vault guard
 15540 | D:14     | Killed a vault guard
 15550 | D:14     | Killed a vault guard
 15551 | D:14     | Gained mutation: You have a pair of large horns on your
                  | head. [demonic ancestry]
 15551 | D:14     | Reached XP level 13. HP: 101/101 MP: 20/20
 15766 | D:14     | Cast into level 2 of the Abyss (a wizard)
 15811 | Abyss:2  | Noticed a red very ugly thing
 15811 | Abyss:2  | Noticed a purple very ugly thing
 15819 | Abyss:2  | Noticed a cyan very ugly thing
 15819 | Abyss:2  | Received a gift from Okawaru
 15970 | Abyss:2  | Gained mutation: You are weak. (Str -2) [a neqoxec]
 16124 | Abyss:2  | Noticed a tentacled starspawn
 16389 | D:14     | Escaped the Abyss
 16401 | D:14     | Cast into level 3 of the Abyss (a wizard)
 16431 | Abyss:3  | Noticed a profane servitor
 16444 | Abyss:3  | Killed a profane servitor
 16445 | Abyss:3  | Reached skill level 10 in Fighting
 16445 | Abyss:3  | Reached skill level 15 in Axes
 16445 | Abyss:3  | Noticed a white very ugly thing
 16445 | Abyss:3  | Noticed a white very ugly thing
 16532 | Abyss:3  | Noticed a starcursed mass
 16604 | D:14     | Escaped the Abyss
 17140 | D:15     | Entered Level 15 of the Dungeon
 17200 | D:15     | Reached skill level 10 in Armour
 17433 | D:15     | Received a gift from Okawaru
 17483 | D:15     | Found a staircase to the Depths.
 17825 | D:15     | Identified the +8 great mace of Severance {drain, rF- rCorr
                  | Str+2 Int+5}
 18065 | D:15     | Found a radiant altar of Vehumet.
 18241 | D:15     | Reached XP level 14. HP: 99/111 MP: 22/23
 18534 | D:15     | Found a shadowy altar of Dithmenos.
 18667 | D:15     | Reached skill level 16 in Axes
 18828 | D:15     | Identified the +2 mace of the Sun {vorpal, MP+9}
 18946 | Orc:1    | Entered Level 1 of the Orcish Mines
 18965 | Orc:1    | Gained mutation: Your spells are a little easier to cast,
                  | but a little less powerful. [a neqoxec]
 19142 | Orc:2    | Entered Level 2 of the Orcish Mines
 19142 | Orc:2    | Found Waukh's Overcharged Wands.
 19153 | Orc:2    | Found Ovvan's Antique Weapon Boutique.
 19206 | Orc:2    | Noticed an orc warlord
 19206 | Orc:2    | Found Cetuinif's Antique Armour Boutique.
 19229 | Orc:2    | Killed an orc warlord
 19380 | Orc:2    | Received a gift from Okawaru
 19446 | Orc:2    | Found Juez's Book Shoppe.
 19585 | Orc:2    | Found a staircase to the Elven Halls.
 19666 | Orc:2    | Found Derghebo's General Store.
 19672 | Orc:2    | Noticed an orc warlord
 19695 | Orc:2    | Killed an orc warlord
 20018 | Lair:1   | Entered Level 1 of the Lair of Beasts
 20637 | Lair:1   | Received a gift from Okawaru
 21160 | Lair:2   | Reached skill level 17 in Axes
 21805 | Lair:2   | Noticed Urug
 21813 | Lair:2   | Killed Urug
 21990 | Lair:2   | Noticed Fannar
 22015 | Lair:2   | Killed Fannar
 22072 | Lair:2   | Received a gift from Okawaru
 22411 | Lair:2   | Acquired 778 gold pieces
 22656 | Lair:3   | Found a blossoming altar of Fedhas.
 23149 | Lair:3   | Found a staircase to the Swamp.
 23154 | Lair:3   | Reached XP level 15. HP: 118/120 MP: 25/25
 23478 | Lair:4   | Found a staircase to the Snake Pit.
 23720 | Lair:4   | Identified the +5 long sword of Reason {vorpal, Dex+3
                  | Stlth+}
 24304 | Snake:1  | Entered Level 1 of the Snake Pit
 24352 | Lair:5   | Received a gift from Okawaru
 24903 | Lair:5   | Found a runed translucent gate.
 24903 | Lair:5   | Noticed an azure jelly
 24904 | Lair:5   | Found a runed translucent gate.
 24904 | Lair:5   | Noticed an azure jelly
 24904 | Lair:5   | Noticed an azure jelly
 24904 | Lair:5   | Noticed an acid blob
 24905 | Lair:5   | Found a runed translucent gate.
 24905 | Lair:5   | Noticed ytrimaz's ghost (adept DsFi)
 24905 | Lair:5   | Noticed an azure jelly
 24906 | Lair:5   | Noticed an azure jelly
 24906 | Lair:5   | Noticed an azure jelly
 24907 | Lair:5   | Noticed an acid blob
 24996 | Lair:5   | Identified the ring "Jyrchupy" {rPois Dex+2}
 25654 | Lair:5   | Found a viscous altar of Jiyva.
 25897 | Lair:6   | Entered Level 6 of the Lair of Beasts
 26215 | Lair:6   | Identified the +5 broad axe "Qene Nerch" {venom, Dex+3}
                  | (Okawaru gifted it to you on level 6 of the Lair of Beasts)
 26215 | Lair:6   | Received a gift from Okawaru
 26222 | Lair:6   | Reached skill level 18 in Axes
 26410 | Lair:6   | Found a shimmering blue altar of Sif Muna.
 26674 | Lair:6   | Found the +7 captain's cutlass {speed, disarm}
 26683 | Lair:6   | Identified the ring of Pefe {rC+ Will++ AC+4 Str+3 Int+3}
 26858 | Lair:6   | Found a staircase to the Slime Pits.
 27428 | Orc:2    | Bought the +9 scales of the Dragon King {rPois rF+ rC+
                  | Will+} for 3244 gold pieces
 27428 | Orc:2    | Found the +9 scales of the Dragon King {rPois rF+ rC+
                  | Will+}
 27481 | Elf:1    | Entered Level 1 of the Elven Halls
 27510 | Elf:1    | Reached skill level 1 in Throwing
 27561 | Elf:1    | Found a large runed translucent door.
 27561 | Elf:1    | Found a large runed translucent door.
 27596 | Elf:1    | Paralysed by an air elemental for 1 turns
 27635 | Elf:1    | Received a gift from Okawaru
 27838 | Elf:1    | Paralysed by an air elemental for 1 turns
 28170 | Elf:1    | Gained mutation: You are partially covered in sharp spines.
                  | [demonic ancestry]
 28170 | Elf:1    | Reached XP level 16. HP: 131/131 MP: 26/26
 28201 | Elf:1    | Got the Almanac of Battle Magic
 28534 | Elf:1    | Noticed Kuderic's ghost (journeyman MiBe)
 28578 | Elf:1    | Reached skill level 1 in Necromancy
 28578 | Elf:1    | Reached skill level 1 in Poison Magic
 28578 | Elf:1    | Gained mutation: You are mostly covered in sharp spines.
                  | [demonic ancestry]
 28578 | Elf:1    | Reached XP level 17. HP: 138/138 MP: 27/27
 28793 | Elf:1    | Killed Kuderic's ghost
 28797 | Elf:1    | Identified the +5 broad axe "Wiucung" {venom, Int+6}
 29030 | Elf:2    | Paralysed by an air elemental for 1 turns
 29065 | Elf:2    | Reached skill level 5 in Shields
 29076 | Elf:2    | Paralysed by an air elemental for 1 turns
 29078 | Elf:2    | Paralysed by an air elemental for 1 turns
 29235 | Elf:2    | Found a runed translucent gate.
 29236 | Elf:2    | Found a runed translucent gate.
 29236 | Elf:2    | Found a runed translucent gate.
 29287 | Elf:2    | Noticed Kosooly's ghost (journeyman DDNe)
 29398 | Elf:2    | Killed Kosooly's ghost
 29404 | Elf:2    | Identified the +9 halberd "Gadaj" {vorpal, rPois Int+4}
 29678 | Elf:2    | Found a runed translucent gate.
 29679 | Elf:2    | Found a runed translucent gate.
 29679 | Elf:2    | Found a runed translucent gate.
 29822 | Elf:2    | Reached skill level 1 in Short Blades
 29918 | Elf:2    | Received a gift from Okawaru
 30312 | Elf:2    | Reached skill level 5 in Throwing
 30445 | Elf:3    | Entered Level 3 of the Elven Halls
 30445 | Elf:3    | Found Jeushyph's Assorted Antiques.
 30657 | Elf:3    | Paralysed by an air elemental for 1 turns
 30689 | Elf:3    | Received a gift from Okawaru
 30724 | Elf:3    | Paralysed by an air elemental for 1 turns
 30728 | Elf:3    | Paralysed by an air elemental for 1 turns
 30858 | Elf:3    | Got the Incunabulum of Attacks
 30914 | Elf:3    | Reached skill level 15 in Fighting
 31100 | Elf:3    | Noticed a deep elf blademaster
 31127 | Elf:3    | Noticed a deep elf blademaster
 31130 | Elf:3    | Noticed a deep elf master archer
 31133 | Elf:3    | Killed a deep elf blademaster
 31147 | Elf:3    | Killed a ghostly deep elf blademaster
 31148 | Elf:3    | Gained mutation: You are completely covered in slimy green
                  | scales. (AC +4, rPois) [demonic ancestry]
 31148 | Elf:3    | Reached XP level 18. HP: 46/143 MP: 28/28
 31213 | Elf:3    | Noticed a Tzitzimitl
 31217 | Arena    | Entered the Arena
 31217 | Arena    | Killed from afar by a deep elf annihilator

Illustrated notes

Levels and vault maps discovered:
D:1:      dpeg_arrival_three_smaller_balls, layout_basic,
          hellmonk_ecumenical_altar_heavens_door
D:2:      minmay_angry_zag, layout_loops_ring, serial_glass, glass_columns_a,
          glass_columns_a, glass_columns_b, glass_columns_a, glass_columns_b,
          glass_columns_a, minmay_tetromino_t2
D:3:      layout_basic, nicolae_overflow_hidden_temple,
          gammafunk_ghost_stat_death, hex_medium, minmay_fountain_box,
          minmay_misc_feat_roman, serial_bayou_pond_c,
          minmay_misc_feat_nine_boxes, minmay_cut_off
D:4:      layout_cave_pods, gammafunk_ghost_necromancy,
          kennysheep_generic_room_2
D:5:      layout_cave_pools, minmay_holes
D:6:      layout_cave_pools, uniq_maggie, uniq_edmund
D:7:      layout_gridville, minmay_temple_entry_slanted, uniq_pikel
D:8:      layout_rooms, erik_lair_dragon, amcnicky_mini_rare_corridor_liquid
D:9:      layout_loops_corners, uniq_gastronok
D:10:     layout_basic, nrook_campfire, grunt_ministairs_2
D:11:     layout_basic, erik_orc_1, corexii_hall_statues_x,
          kennysheep_generic_room_11, uniq_psyche, uniq_erica, uniq_snorg
D:12:     layout_roguey
D:13:     minmay_ice_pillars, layout_long_grid, kennysheep_decorative_pillar,
          nzn_wu_jian_council_hall
D:14:     layout_roguey, erik_vaults_2, infiniplex_staircase_pillars_3a,
          serial_corexii_hall, corexii_hall_statues_x, corexii_hall_statues_i
D:15:     gammafunk_depths_entry_grave, layout_stronghold, fiery_altar_vehumet,
          grunt_dithmenos_smoke_and_mirrors
Temple:   mainiacjoe_temple_trianglar_array
Lair:1:   layout_long_grid, serial_bayou_shore_b
Lair:2:   beast_lair_carwin_large_4, layout_cave_pods, uniq_urug, uniq_fannar
Lair:3:   layout_gridlike, skrybe_swamp_entry_bodies, hangedman_tree_tricks
Lair:4:   layout_cave_pods, guppyfry_snake_entry_garden, grunt_megastairs_1,
          serial_bayou_shore_b
Lair:5:   layout_hall_layers, gammafunk_ghost_ooze,
          chequers_serial_rivers_small_b, grunt_forest_stairs_clearing,
          infiniplex_staircase_pool_2
Lair:6:   gammafunk_lair_ancient_temple, layout_cave_pods,
          minmay_slime_entry_pillars, basic_altar
Snake:1:  layout_onion, ebering_ghost_rock_garden, uniq_asterion
Orc:1:    cheibrodos_orc_guarddog, layout_caves
Orc:2:    grunt_orc_gardens, layout_diamond_mine, grunt_orc_garden,
          grunt_orc_garden, grunt_orc_garden, grunt_orc_garden,
          hellmonk_bongcloud_opening, nicolae_shop_overcharged_wands
Elf:1:    eino_elf_arrival_customs, layout_loops_cross,
          ebering_ghost_disaster_area, minmay_elf_annihilation,
          nicolae_elf_glassroom_feature
Elf:2:    nicolae_elf_blades_crystal_corner, layout_geoelf_diagonals,
          ebering_ghost_rock_garden
Elf:3:    minmay_elf_hall_four_x, layout_geoelf_octagon, serial_shops,
          nicolae_shop_hallway_stairs
Arena

Skill      XL: |  1  2  3  4  5  6  7  8  9 10 11 12 13 14 15 16 17 18 |
---------------+-------------------------------------------------------+-----
Armour         | 3 4 5 6 7 8 9 10 11 12 13 | 13.1
Axes           | 2 3 4 5 8 9 11 12 14 15 17 18 | 18.2
Shields        | 3 4 7 |  7.6
Fighting       | 4 5 6 7 8 9 10 11 13 15 | 15.4
Invocations    | 3 6 8 10 12 13 14 | 14.0
Throwing       | 2 3 5 6 |  6.0
Necromancy     | 1 |  1.1
Poison Magic   | 1 |  1.0
Short Blades   | 3 4 |  4.2
Long Blades    | |  0.5
Staves         | |  0.5
Slings         | |  0.5
Bows           | |  0.5
Crossbows      | |  0.5
Conjurations   | |  0.6
Hexes          | |  0.6
Summonings     | |  0.6
Translocations | |  0.5
Transmutations | |  0.8
Fire Magic     | |  0.8
Ice Magic      | |  0.5
Air Magic      | |  0.5
Earth Magic    | |  0.5

Action                   |  1- 3 |  4- 6 |  7- 9 | 10-12 | 13-15 | 16-18 || total
-------------------------+-------+-------+-------+-------+-------+-------++-------
Melee: War axe           |    88 |    76 |   236 |   316 |   119 |       ||   835
       Headbutt          |     8 |    14 |    62 |   176 |   324 |    89 ||   673
       Broad axe         |       |       |       |   224 |   972 |   454 ||  1650
       Cutlass           |       |       |       |       |       |     7 ||     7
Throw: Javelin           |       |       |       |       |       |     9 ||     9
       Throwing net      |       |       |       |       |       |     1 ||     1
Invok: Heroism           |       |       |       |     1 |    13 |     9 ||    23
       Finesse           |       |       |       |     1 |     4 |     3 ||     8
       Duel              |       |       |       |       |       |     1 ||     1
Evoke: Wand              |       |       |       |       |     1 |       ||     1
  Use: Scroll            |     4 |     2 |     5 |     6 |    10 |     1 ||    28
       Potion            |       |     1 |     4 |     3 |     9 |     4 ||    21
 Stab: Distracted        |       |       |       |     1 |       |       ||     1
       Petrified         |       |       |       |       |     8 |       ||     8
       Petrifying        |       |       |       |       |     1 |       ||     1
Armor: Scale mail        |    41 |    27 |   112 |    21 |       |       ||   201
       Plate armour      |       |       |       |   313 |   685 |       ||   998
       Gold dragon scale |       |       |       |       |    75 |   285 ||   360
Dodge: Dodged            |    50 |    53 |   108 |   179 |   358 |   127 ||   875
Block: Buckler           |    23 |    37 |   132 |   249 |   574 |   228 ||  1243

Table legend: (Time is in decaauts)
 A = Elapsed time spent in this place.
 B = Non-inter-level travel time spent in this place.
 C = Inter-level travel time spent in this place.
 D = Time resting spent in this place.
 E = Time spent auto-exploring this place.
 F = Levels seen in this place.
 G = Mean time per level.
                   A        B        C        D        E       F      G
               +--------+--------+--------+--------+--------+-----+--------+
         Total |  30758 |  29038 |   1720 |   2668 |  21100 |  31 |  992.2 |
       Dungeon |  18064 |  16960 |   1104 |   1720 |  12530 |  15 | 1204.3 |
        Temple |    425 |    382 |     43 |      0 |    371 |   1 |  425.0 |
          Lair |   7014 |   6681 |    333 |    390 |   5317 |   6 | 1169.0 |
     Snake Pit |      1 |      1 |      0 |      0 |      0 |   1 |    1.0 |
  Orcish Mines |    932 |    827 |    105 |      0 |    557 |   2 |  466.0 |
   Elven Halls |   3521 |   3387 |    134 |    139 |   2284 |   3 | 1173.7 |
         Abyss |    797 |    797 |      0 |    418 |     41 |   2 |  398.5 |
         Arena |      0 |      0 |      0 |      0 |      0 |   1 |    0.0 |
               +--------+--------+--------+--------+--------+-----+--------+

Top non-repeatable levels by time:
    D:11: 1781 daAuts
     D:3: 1767 daAuts
     D:4: 1669 daAuts
    D:15: 1663 daAuts
  Lair:5: 1541 daAuts
   Elf:1: 1494 daAuts
  Lair:2: 1439 daAuts
     D:9: 1355 daAuts
   Elf:2: 1354 daAuts
    D:13: 1295 daAuts
  Lair:6: 1156 daAuts
     D:8: 1151 daAuts
    D:14: 1062 daAuts
     D:7: 1062 daAuts
  Lair:3: 1042 daAuts
